cohdb
Replays
Latest Replays
All Replays
Popular Replays
Top Player Replays
Match Explorer
How It Works
Community
CoH3 Stats
Reddit
Sign in to upload your games and track your stats! →
Sign in with Steam
Match 39739487
Unlisted
Match 39739487
Overview
Messages
Build Orders
End
Construct Section Command Post
Infantry Section
Infantry Section
ML 3-inch Mortar Team
Infantry Section
Construct Platoon Command Post
Construct Field Infirmary
6-pounder Anti-tank Gun Team
Construct Company Command Post
Infantry Section
Crusader II Medium Tank
Chevalier François De Hadoque
danceM
parkkralle
vonAJ
djkeenan
KR0NUS
MaXTin
instinct
0
0
Comments
sign in to comment!
No comments posted yet!